 Dungeon Sprint DCSS version 0.23.1-37-gaa34b87 (webtiles) character file.

Game seed: 14286969175014989476

19538 Fang the Warrior (level 12, -23/91 HPs)
             Began as a Gargoyle Berserker on Mar 21, 2019.
             Was the Champion of Trog.
             Annihilated by a white ugly thing (33 damage)
             ... in the Dungeon (Sprint IX: "|||||||||||||||||||||||||||||").
             The game lasted 00:06:25 (2625 turns).

Fang the Warrior (Gargoyle Berserker)               Turns: 2625, Time: 00:06:26

Health: -23/91     AC: 31    Str: 28    XL:     12   Next: 70%
Magic:  12/12      EV: 15    Int:  9    God:    Trog [******]
Gold:   1622       SH:  0    Dex: 12    Spells: 11/11 levels left

rFire    . . .     SeeInvis +   t - +3 executioner's axe "Kofoegou" {flame, Dex+3}
rCold    . . .     Gourm    .   (shield currently unavailable)
rNeg     + . .     Faith    .   F - +2 plate armour
rPois    ∞         Spirit   .   (no helmet)
rElec    +         Reflect  .   z - +1 cloak
rCorr    .         Harm     .   (no gloves)
MR       .....     NoTele   +   (no boots)
Stlth    ..........             (no amulet)
HPRegen  0.25/turn              n - +3 ring of strength
MPRegen  0.13/turn              D - ring of see invisible

@: no status effects
A: negative energy resistance 1, electricity resistance, unbreathing,
petrification resistance, rot immunity, AC +8
a: Berserk, Trog's Hand, Brothers in Arms, Renounce Religion


You were in the Dungeon.
You worshipped Trog.
Trog was exalted by your worship.
You were not hungry.

You visited 1 branch You collected 1622 gold pieces.

Inventory:

Hand Weapons
 m - a +3 war axe of chopping
 s - a +5 battleaxe of freezing
 t - the +3 executioner's axe "Kofoegou" (weapon) {flame, Dex+3}
   (Trog gifted it to you in the Dungeon)

   It has been specially enchanted to burn those struck by it, causing extra
   injury to most foes and up to half again as much damage against particularly
   susceptible opponents.
   Big, fiery blades are also staple armaments of hydra-hunters.
   It affects your dexterity (+3).
 u - a +3 antimagic battleaxe
 v - a +7 battleaxe of venom
 x - a +4 executioner's axe of chopping
 y - a +4 battleaxe of electrocution
 A - a +3 battleaxe of chopping
Armour
 z - a +1 cloak (worn)
 F - a +2 plate armour (worn)
Jewellery
 n - a +3 ring of strength (left hand)
 o - a +3 ring of strength
 B - an uncursed ring of ice
 C - an uncursed ring of protection from fire
 D - a ring of see invisible (right hand)
 E - an uncursed ring of protection from cold
Wands
 l - a wand of iceblast (10)
 w - a wand of random effects (14)
Scrolls
 b - a scroll of identify
 i - 3 scrolls of blinking
 k - 3 scrolls of remove curse
 p - 4 scrolls of enchant armour
 q - 3 scrolls of fear
 r - a scroll of fog
 G - 2 scrolls of enchant weapon
Potions
 a - a potion of brilliance
 d - 8 potions of curing
 e - 6 potions of heal wounds
 f - 2 potions of haste
 g - 4 potions of magic
 h - 2 potions of berserk rage
 j - a potion of invisibility
Comestibles
 c - 13 rations


   Skills:
 + Level 17.1 Fighting
 + Level 14.8 Axes
 + Level 17.0 Armour
 + Level 13.6 Dodging


You had 11 spell levels left.
You didn't know any spells.
Your spell library was empty.

Dungeon Overview and Level Annotations

Branches:
Dungeon (1/1)

Altars:
Cheibriados
Dithmenos
Elyvilon
Fedhas
Gozag
Hepliaklqana
Kikubaaqudgha
Makhleb
Nemelex Xobeh
Okawaru
Qazlal
Ru
Sif Muna
Trog
Uskayaw
Vehumet
Wu Jian
Xom
Yredelemnul
Zin
The Shining One
Beogh
Jiyva
Lugonu

Shops:
D [*(*


Innate Abilities, Weirdness & Mutations

You are resistant to torment.
Your stone body is resilient. (AC +8)
You are immune to poison.
You resist negative energy. (rN+)
You are resistant to electric shocks. (rElec)
You can survive without breathing.
You are immune to petrification.
You are immune to rotting.


Message History

Your stone giant rages.
You swap places.
A white ugly thing comes into view.
Items here: ( ) [ †††
Items here: ( ) [ †† 5 large rocks; a +0 trident; a +0 chain mail of fire resistance a stone giant corpse; an orc corpse You recover from your berserk rage.
The white ugly thing stings you but does no damage.
Your stone giant rages.
Things that are here:
a +0 dire flail x2
You hit the white ugly thing. You burn the white ugly thing.
The white ugly thing is lightly wounded.
The white ugly thing stings you. The white ugly thing freezes you!!
* * * LOW HITPOINT WARNING * * *
The white ugly thing stings you.
* * * LOW HITPOINT WARNING * * *
The white ugly thing freezes you!!
You die...

▓.▓.▓.▓[▓.▓)▓
▓.▓.▓.▓.▓.▓.▓.▓
▓.▓.▓.▓.▓.▓.▓.▓
▓.▓.▓.▓.▓'▓.▓.▓
▓.▓.▓.▓.▓[▓.▓.▓
▓.▓.▓∩▓.▓(▓.▓)▓
▓.▓)▓)▓.▓(▓.▓'▓
▓u▓.▓∩▓.▓(▓.▓.▓
▓@▓.▓.▓.▓.▓.▓.▓
▓C▓.▓∩▓.▓.▓.▓[▓
▓(▓.▓.▓.▓.▓.▓[▓
▓(▓.▓∩▓.▓.▓.▓[▓
▓)▓.▓.▓.▓.▓.▓(▓
▓)▓.▓)▓.▓.▓.▓|▓
▓(▓.▓)▓.▓.▓.▓?▓
▓'▓.▓[▓.▓.▓.▓.▓
▓(▓.▓)▓.▓'▓.▓'▓


You could see a white ugly thing and a friendly stone giant (berserk).

Vanquished Creatures
  6 ogre magi (D)
  Josephine (D)
  2 two-headed ogres (D)
  An unseen horror (D)
  2 orc knights (D)
  2 deep elf magi (D)
  An ugly thing (D)
  2 cyclopes (D)
  Maurice (D)
  5 spiny frogs (D)
  A komodo dragon (D)
  A troll (D)
  A blink frog (D)
  A hippogriff (D)
  4 wraiths (D)
  2 yaks (D)
  A basilisk (D)
  A water moccasin (D)
  3 orc warriors (D)
  A porcupine (D)
  A sky beast (D)
  5 ogres (D)
  A centaur (D)
  2 crocodiles (D)
  5 bullfrogs (D)
  5 orc wizards (D)
  A worker ant (D)
  An adder skeleton (D)
  7 orcs (D)
  A bat (D)
  2 bat skeletons (D)
  A giant cockroach (D)
  2 hobgoblins (D)
  3 quokkas (D)
  A frilled lizard (D)
  A rat (D)
78 creatures vanquished.

Vanquished Creatures (collateral kills)
  2 stone giants (D)
  2 ettins (D)
  A fire dragon (D)
  A deep troll shaman (D)
  An orc high priest (D)
  2 lindwurms (D)
  An orc knight (D)
  5 tyrant leeches (D)
  A slime creature (D)
  8 orc warriors (D)
  A bullfrog (D)
  An orc wizard (D)
  A worm (D)
  A quokka skeleton (D)
28 creatures vanquished.

Vanquished Creatures (others)
  A spatial maelstrom (D)
1 creature vanquished.

Grand Total: 107 creatures vanquished

Notes
Turn   | Place    | Note
-------+----------+-------------------------------------------
     0 | D        | Fang the Gargoyle Berserker began the quest for the Orb.
     0 | D        | Reached XP level 1. HP: 14/14 MP: 1/1
     0 | D        | Banished a spatial maelstrom
    15 | D        | Reached ** piety under Trog
   100 | D        | Reached XP level 2. HP: 18/20 MP: 2/2
   105 | D        | Reached *** piety under Trog
   130 | D        | Found a roughly hewn altar of Beogh.
   130 | D        | Found a snail-covered altar of Cheibriados.
   130 | D        | Found a shadowy altar of Dithmenos.
   130 | D        | Found a white marble altar of Elyvilon.
   130 | D        | Found a blossoming altar of Fedhas.
   130 | D        | Found an opulent altar of Gozag.
   131 | D        | Found a hazy altar of Hepliaklqana.
   244 | D        | Found a viscous altar of Jiyva.
   245 | D        | Found an ancient bone altar of Kikubaaqudgha.
   246 | D        | Found a corrupted altar of Lugonu.
   247 | D        | Found a burning altar of Makhleb.
   248 | D        | Found a sparkling altar of Nemelex Xobeh.
   249 | D        | Found an iron altar of Okawaru.
   250 | D        | Found a stormy altar of Qazlal.
   251 | D        | Found a sacrificial altar of Ru.
   252 | D        | Found a deep blue altar of Sif Muna.
   253 | D        | Found a bloodstained altar of Trog.
   254 | D        | Found a hide-covered altar of Uskayaw.
   255 | D        | Found a radiant altar of Vehumet.
   256 | D        | Found an ornate altar of the Wu Jian Council.
   257 | D        | Found a shimmering altar of Xom.
   258 | D        | Found a basalt altar of Yredelemnul.
   259 | D        | Found a glowing silver altar of Zin.
   260 | D        | Found a glowing golden altar of the Shining One.
   305 | D        | Noticed a bullfrog
   305 | D        | Noticed a sky beast
   305 | D        | Noticed a centaur
   311 | D        | Killed a centaur
   311 | D        | Reached **** piety under Trog
   311 | D        | Reached skill level 5 in Fighting
   311 | D        | Reached skill level 5 in Armour
   311 | D        | Reached XP level 3. HP: 20/27 MP: 3/3
   311 | D        | Reached XP level 4. HP: 24/32 MP: 4/4
   318 | D        | Killed a sky beast
   318 | D        | Reached skill level 5 in Axes
   318 | D        | Reached XP level 5. HP: 23/37 MP: 5/5
   319 | D        | Reached skill level 5 in Dodging
   319 | D        | Reached XP level 6. HP: 26/44 MP: 6/6
   450 | D        | Noticed a deep elf mage
   450 | D        | Noticed a troll
   450 | D        | Noticed a deep elf mage
   450 | D        | Noticed a cyclops
   456 | D        | Killed a cyclops
   456 | D        | Reached ***** piety under Trog
   456 | D        | Reached XP level 7. HP: 9/51 MP: 7/7
   458 | D        | Killed a deep elf mage
   458 | D        | Received a gift from Trog
   458 | D        | Reached skill level 10 in Fighting
   458 | D        | Reached skill level 10 in Armour
   458 | D        | Reached XP level 8. HP: 11/58 MP: 8/8
   462 | D        | Killed a troll
   468 | D        | Killed a deep elf mage
   468 | D        | Reached XP level 9. HP: 7/64 MP: 9/9
   884 | D        | Noticed a spiny frog
   884 | D        | Noticed a spiny frog
   884 | D        | Noticed a spiny frog
   886 | D        | Killed a spiny frog
   887 | D        | Noticed a spiny frog
   891 | D        | Reached skill level 10 in Axes
   902 | D        | Killed a spiny frog
   902 | D        | Received a gift from Trog
   906 | D        | Killed a spiny frog
   920 | D        | Killed a spiny frog
   920 | D        | Reached XP level 10. HP: 32/72 MP: 10/10
  1151 | D        | Noticed a spiny frog
  1154 | D        | Reached skill level 10 in Dodging
  1156 | D        | Killed a spiny frog
  1163 | D        | Reached ****** piety under Trog
  1163 | D        | Received a gift from Trog
  1197 | D        | Noticed a lindwurm
  1208 | D        | Killed a lindwurm
  1211 | D        | Noticed a lindwurm
  1212 | D        | Received a gift from Trog
  1217 | D        | Killed a lindwurm
  1228 | D        | HP: 2/74 [tyrant leech (14)]
  1743 | D        | Noticed an orc knight
  1746 | D        | Received a gift from Trog
  1757 | D        | Killed an orc knight
  1766 | D        | Received a gift from Trog
  1769 | D        | Reached XP level 11. HP: 80/80 MP: 11/11
  1786 | D        | Got a twisted executioner's axe {god gift}
  1791 | D        | Identified the +3 executioner's axe "Kofoegou" {flame,
                  | Dex+3} (Trog gifted it to you in the Dungeon)
  1944 | D        | Noticed an orc high priest
  1953 | D        | Received a gift from Trog
  1955 | D        | Killed an orc high priest
  1957 | D        | Noticed an ettin
  1959 | D        | Killed an ettin
  1963 | D        | Received a gift from Trog
  1968 | D        | Noticed an orc knight
  1973 | D        | Killed an orc knight
  2093 | D        | Found Uhilois's General Store.
  2093 | D        | Noticed an ogre mage
  2093 | D        | Noticed a two-headed ogre
  2093 | D        | Noticed an ogre mage
  2093 | D        | Noticed an ogre mage
  2095 | D        | Killed an ogre mage
  2098 | D        | Killed an ogre mage
  2098 | D        | Received a gift from Trog
  2098 | D        | Reached skill level 15 in Fighting
  2099 | D        | Found Wotunteqa's Weapon Shop.
  2101 | D        | Killed a two-headed ogre
  2101 | D        | Reached skill level 15 in Armour
  2105 | D        | Killed an ogre mage
  2106 | D        | Noticed an ogre mage
  2107 | D        | Noticed an ogre mage
  2112 | D        | Killed an ogre mage
  2112 | D        | Received a gift from Trog
  2113 | D        | Found Circhak's General Store.
  2117 | D        | Killed an ogre mage
  2202 | D        | Found Hutreagu's Armour Shop.
  2205 | D        | Noticed an ogre mage
  2206 | D        | Noticed a two-headed ogre
  2212 | D        | Killed an ogre mage
  2212 | D        | Reached XP level 12. HP: 85/88 MP: 12/12
  2217 | D        | Killed a two-headed ogre
  2219 | D        | Received a gift from Trog
  2416 | D        | Noticed Maurice
  2430 | D        | Killed Maurice
  2455 | D        | Noticed Josephine
  2460 | D        | Killed Josephine
  2460 | D        | Received a gift from Trog
  2586 | D        | Noticed a stone giant
  2589 | D        | Noticed a fire dragon
  2594 | D        | Noticed a deep troll shaman
  2603 | D        | Killed a stone giant
  2605 | D        | Killed a fire dragon
  2605 | D        | Received a gift from Trog
  2607 | D        | Killed a deep troll shaman
  2612 | D        | Noticed a stone giant
  2615 | D        | Noticed an ettin
  2616 | D        | Killed a stone giant
  2616 | D        | Received a gift from Trog
  2619 | D        | Killed an ettin
  2625 | D        | Annihilated by a white ugly thing

Skill      XL: |  1  2  3  4  5  6  7  8  9 10 11 12 |
---------------+-------------------------------------+-----
Axes           | 3 4 5 6 7 8 9 10 12 13 14 | 14.8
Dodging        | 2 3 4 5 6 7 8 9 11 12 13 | 13.6
Armour         | 3 5 6 7 8 10 11 12 13 15 17 | 17.0
Fighting       | 5 6 7 9 10 11 12 14 15 17 | 17.1

Action                   |  1- 3 |  4- 6 |  7- 9 | 10-12 || total
-------------------------+-------+-------+-------+-------++-------
Melee: Hand axe          |    46 |       |       |       ||    46
       War axe           |     5 |    14 |    44 |     9 ||    72
       Battleaxe         |       |       |       |    70 ||    70
       Executioner's axe |       |       |       |    67 ||    67
Invok: Berserk           |       |     1 |     1 |     4 ||     6
       Brothers in Arms  |       |       |       |     3 ||     3
  Use: Potion            |       |       |       |     1 ||     1
  Eat: Chunk             |       |       |       |    12 ||    12
Armor: Animal skin       |    13 |       |       |       ||    13
       Chain mail        |     5 |     7 |    11 |    57 ||    80
       Plate armour      |       |       |       |    10 ||    10
Dodge: Dodged            |    35 |     8 |    24 |    84 ||   151
